 Dungeon Crawl Stone Soup version 0.26-a0-837-g5a8a614f01 (webtiles) character file.

Game seed: 14672466153658590698

787922 Morbidden the Hoplite (level 27, -7/199 HPs)
             Began as a Demonspawn Fighter on Nov 16, 2020.
             Was a High Priest of Cheibriados.
             Killed from afar by an orb of fire (17 damage)
             ... with a fireball
             ... on level 5 of the Realm of Zot on Nov 18, 2020.
             The game lasted 02:35:32 (61711 turns).

Morbidden the Hoplite (Demonspawn Fighter)         Turns: 61711, Time: 02:35:33

Health: -7/199     AC: 32    Str: 31      XL:     27
Magic:  0/40       EV: 25    Int: 35 (36) God:    Cheibriados [*****.]
Gold:   7905       SH: 31    Dex: 35      Spells: 44/62 levels left

rFire    + . .     SeeInvis .   a - +8 arc blade {discharge, rElec}
rCold    + + +     Faith    .   V - +2 kite shield {reflect}
rNeg     + . .     Spirit   +   A - +6 plate armour of the Prince of Darkness {rPois Regen+ Dex+2}
rPois    +         Reflect  +   (helmet unavailable)
rElec    +         Harm     .   h - +2 cloak
rCorr    .         Rampage  .   M - +0 pair of gloves {Str+3}
MR       +++..     Rnd*Tele +   C - +0 pair of boots (curse)
Stlth    +.........             l - brooch of Shielding {Spirit SH+8}
HPRegen  7.83/turn              W - ring "Vieff" {rC+++ Str+4 Dex+6 Stlth+}
MPRegen  0.27/turn              g - ring "Lugeej" {*Contam MP+9 Int+6}

@: marked, slowed, very slow
A: horns 3, molten scales 3, blink, blurry vision 2, deterioration 2, frail 1,
low mp 3, magic resistance 1, negative energy resistance 1, powered by death 3,
spiny 3, 50% torment resistance, teleportitis 1, weak 2, black mark, subdued
magic 2
}: 4/15 runes: barnacled, slimy, silver, gossamer
a: Blink, Bend Time, Temporal Distortion, Slouch, Step From Time, Renounce
Religion


You were on level 5 of the Realm of Zot.
You worshipped Cheibriados.
Cheibriados was extremely pleased with you.
You visited 13 branches of the dungeon, and saw 59 of its levels.
You also visited: Gauntlet and Ice Cave.

You collected 11140 gold pieces.
You spent 3235 gold pieces at shops.

Inventory:

Hand Weapons
 a - the +8 arc blade (weapon) {discharge, rElec}
   (You found it on level 1 of the Orcish Mines)

   It insulates you from electricity.
 b - a +4 scimitar of flaming
Missiles
 p - 151 poisoned darts
 s - 9 throwing nets
 B - 102 silver javelins (quivered)
 H - 57 javelins
 O - 31 curare-tipped darts
Armour
 h - a +2 cloak (worn)
 A - the +6 plate armour of the Prince of Darkness (worn) {rPois Regen+ Dex+2}
   (You found it on level 1 of the Orcish Mines)

   It affects your dexterity (+2).
   It protects you from poison.
   It increases your rate of regeneration.
 C - a cursed +0 pair of boots (worn)
 M - a +0 pair of gloves of strength (worn)
 R - +0 gold dragon scales
 V - a +2 kite shield of reflection (worn)
Magical Staves
 y - an uncursed staff of death
Jewellery
 c - an uncursed ring of protection from cold
 g - the ring "Lugeej" (right hand) {*Contam MP+9 Int+6}
   (You found it in a Gauntlet)

   [ring of magical power]

   It affects your intelligence (+6).
   It affects your magic capacity (+9).
   It causes magical contamination when unequipped.
 l - the brooch of Shielding (around neck) {Spirit SH+8}
   (You bought it in a shop on level 1 of the Vaults)

   [amulet of guardian spirit]

   It causes incoming damage to be split between your health and magic.
   It affects your SH (+8).
 W - the ring "Vieff" (left hand) {rC+++ Str+4 Dex+6 Stlth+}
   (You found it on level 3 of the Elven Halls)

   [ring of dexterity]

   It affects your strength (+4).
   It affects your dexterity (+6).
   It renders you almost immune to cold.
   It makes you more stealthy.
Wands
 x - a wand of disintegration (46)
 z - a wand of paralysis (60)
 I - a wand of iceblast (38)
 J - a wand of acid (72)
 Y - a wand of polymorph (3)
 Z - a wand of flame (36)
Scrolls
 f - 11 scrolls of fog
 j - 28 scrolls of identify
 k - 27 scrolls of teleportation
 n - 8 scrolls of enchant weapon
 o - a scroll of summoning
 q - 27 scrolls of remove curse
 r - 7 scrolls of enchant armour
 v - 7 scrolls of fear
 w - 14 scrolls of amnesia
 D - 4 scrolls of blinking
 U - 9 scrolls of silence
 X - 6 scrolls of magic mapping
Potions
 d - 10 potions of might
 e - 3 potions of brilliance
 m - 10 potions of curing
 t - 2 potions of magic
 E - 12 potions of cancellation
 F - 8 potions of mutation
 K - 12 potions of flight
 L - 3 potions of resistance
 N - 11 potions of heal wounds
 P - a potion of ambrosia
 T - 3 potions of invisibility
Miscellaneous
 i - the horn of Geryon
 u - a box of beasts
 G - a tin of tremorstones (2/2)
 Q - a condenser vane
 S - a phantom mirror


   Skills:
 * Level 19.4 Fighting
 + Level 14.7(16.9) Short Blades
 - Level 14.4(16.7) Long Blades
 + Level 4.2 Throwing
 + Level 12.9 Armour
 + Level 16.4 Dodging
 + Level 5.4 Stealth
 + Level 23.7 Shields
 * Level 18.0 Spellcasting
 + Level 8.2 Conjurations
 * Level 17.6 Necromancy
 + Level 3.2 Translocations
 * Level 14.5 Transmutations
 + Level 3.0 Earth Magic
 - Level 12.5 Invocations
 * Level 10.2 Evocations


You had 44 spell levels left.
You knew the following spells:

 Your Spells              Type           Power        Failure   Level
a - Vampiric Draining     Necr           #######...   0%          3
b - Borgnjor's Vile Clut  Necr/Erth      ######....   1%          5
c - Statue Form           Tmut/Erth      ######...    19%         6
z - Iskenderun's Mystic   Conj/Tloc      #####...     3%          4

Your spell library contained the following spells:

 Spells                   Type           Power        Failure   Level
 Animate Skeleton         Necr           ######       0%          1
 Beastly Appendage        Tmut           ######       0%          1
 Pain                     Necr           ####         0%          1
 Wereblood                Tmut           ######..     0%          2
 Animate Dead             Necr           #######...   0%          4
 Apportation              Tloc           ####..       1%          1
 Foxfire                  Conj/Fire      ####         1%          1
 Magic Dart               Conj           ####         1%          1
 Sandblast                Erth           ####..       1%          1
 Shock                    Conj/Air       ####         1%          1
 Sting                    Tmut/Pois      ####         1%          1
 Corpse Rot               Necr/Air       N/A          1%          2
 Passwall                 Tmut/Erth      ######..     1%          2
 Searing Ray              Conj           ######       1%          2
 Conjure Flame            Conj/Fire      #####...     1%          3
 Dazzling Flash           Conj/Hex       #####.       1%          3
 Ignite Poison            Fire/Tmut/Pois #####...     1%          3
 Spider Form              Tmut/Pois      ######....   1%          3
 Static Discharge         Conj/Air       #####...     1%          3
 Stone Arrow              Conj/Erth      #####.       1%          3
 Ice Form                 Ice/Tmut       ######..     1%          4
 Petrify                  Tmut/Erth      ######..     1%          4
 Agony                    Necr           #######.     1%          5
 Blade Hands              Tmut           ######....   1%          5
 Irradiate                Conj/Tmut      ######....   1%          5
 Hydra Form               Tmut           ######....   1%          6
 Lesser Beckoning         Tloc           ####......   2%          3
 Corona                   Hex            ###....      3%          1
 Freeze                   Ice            ###.         3%          1
 Summon Small Mammal      Summ           ###.         3%          1
 Mephitic Cloud           Conj/Pois/Air  ####....     3%          3
 Iskenderun's Battlesphe  Conj           ######..     3%          5
 Alistair's Intoxication  Tmut/Pois      ######...    5%          5
 Yara's Violent Unravell  Hex/Tmut       ######....   5%          5
 Call Imp                 Summ           ###.....     6%          2
 Ensorcelled Hibernation  Hex/Ice        ###...       6%          2
 Poisonous Vapours        Pois/Air       ###...       6%          2
 Slow                     Hex            ###.....     6%          2
 Swiftness                Air            ###.....     6%          2
 Portal Projectile        Hex/Tloc       ####..       6%          3
 Fulminant Prism          Conj/Hex       #####.....   8%          4
 Hailstorm                Conj/Ice       #####...     8%          4
 Sticky Flame             Conj/Fire      #####...     8%          4
 Call Canine Familiar     Summ           ###.....     13%         3
 Confusing Touch          Hex            ###.....     13%         3
 Frozen Ramparts          Ice            ###...       13%         3
 Inner Flame              Hex/Fire       ###.....     13%         3
 Ozocubu's Armour         Ice            ###.....     13%         3
 Summon Guardian Golem    Hex/Summ       ###.....     13%         3
 Tukima's Dance           Hex            ###.....     13%         3
 Simulacrum               Ice/Necr       ######....   19%         6
 Leda's Liquefaction      Hex/Erth       ####......   24%         4
 Fireball                 Conj/Fire      #####.....   24%         5
 Lightning Bolt           Conj/Air       #####.....   24%         5
 Bolt of Magma            Conj/Fire/Erth #####.....   28%         5
 Eringya's Noxious Bog    Tmut/Pois      ######....   34%         6
 Lee's Rapid Deconstruct  Erth           ####......   36%         5
 Airstrike                Air            ###.......   43%         4
 Cause Fear               Hex            ###.......   43%         4
 Olgreb's Toxic Radiance  Pois           ###.....     43%         4
 Summon Ice Beast         Ice/Summ       ###.....     43%         4
 Summon Lightning Spire   Summ/Air       ###.....     43%         4
 Summon Forest            Summ/Tloc      ####......   56%         5
 Iron Shot                Conj/Erth      #####.....   58%         6
 Metabolic Englaciation   Hex/Ice        ###.......   80%         5
 Silence                  Hex/Air        ###.......   80%         5
 Conjure Ball Lightning   Conj/Air       #####.....   82%         6
 Starburst                Conj/Fire      #####.....   82%         6
 Orb of Destruction       Conj           ######....   82%         7
 Dispersal                Tloc           ####......   91%         6
 Freezing Cloud           Conj/Ice/Air   ####......   95%         6
 Invisibility             Hex            ###.....     100%        6
 Ozocubu's Refrigeration  Ice            ###.......   100%        6
 Shadow Creatures         Summ           N/A          100%        6
 Malign Gateway           Summ/Tloc      ####......   100%        7
 Spellforged Servitor     Conj/Summ      #####.....   100%        7
 Summon Hydra             Summ           ###.......   100%        7
 Discord                  Hex            ###.......   100%        8
 Ignition                 Fire           ###.......   100%        8
 Dragon's Call            Summ           ###.......   100%        9
 Tornado                  Air            ###.......   100%        9


Dungeon Overview and Level Annotations

Branches:
Dungeon (15/15)            Temple (1/1) D:6            Lair (6/6) D:11
 Shoals (4/4) Lair:4       Spider (4/4) Lair:2        Slime (5/5) Lair:5
    Orc (2/2) D:10            Elf (3/3) Orc:2        Vaults (5/5) D:14
  Crypt (3/3) Vaults:2       Tomb (0/3) Crypt:3      Depths (5/5) D:15
   Hell (visited)             Dis (0/7) Hell            Geh (0/7) Hell
    Coc (0/7) Hell            Tar (0/7) Hell            Zot (5/5) Depths:5
  IceCv (visited)         Gauntlet (visited)

Altars:
Ashenzari
Cheibriados
Dithmenos
Elyvilon
Gozag
Hepliaklqana
Kikubaaqudgha
Makhleb
Okawaru
Ru
Sif Muna
Trog
Uskayaw
Vehumet
Wu Jian
Yredelemnul
Zin
The Shining One
Beogh
Jiyva

Shops:
D:4 ?   D:10 (   Orc:1 *?!   Orc:2 *:([   Elf:1 [=*?   Shoals:4 !*   Vaults:1 =
Vaults:4 !   Vaults:5 }   Depths:1 (=}=   Depths:5 *

Portals:
Hell: Depths:1 Depths:2 Depths:3 Depths:4 Depths:5
Abyss: Depths:2 Depths:3 Depths:4 Depths:5
Pandemonium: Depths:3 Depths:5
Ziggurat: Depths:3
Trove: Depths:1 (lose all piety)

Annotations:
D:6 1 runed translucent door
D:10 3 runed translucent doors, Kinoniko's ghost, novice HaFi
Lair:1 1 runed translucent door, Xiovuas's ghost, journeyman GnWn
Depths:3 exclusions: 3 angels, daeva, downstairs and 4 more exclusions
Zot:5 3 exclusions


Innate Abilities, Weirdness & Mutations

You have a pair of large horns on your head.
You are completely covered in molten scales. (AC +4, rF+)
You resist negative energy. (rN+)
You regenerate a lot of health from kills.
You are completely covered in sharp spines.
You are somewhat able to resist unholy torments (1 in 2 success).
Your melee attacks may debilitate your foes.
You can translocate small distances at will.
Scrolls take you longer to read.
Your body often deteriorates upon taking damage.
You are frail. (-10% HP)
Your magical capacity is extremely low. (-30% MP)
You are resistant to hostile enchantments. (MR+)
You are occasionally teleported next to monsters.
You are very weak. (Str -4)
Your spells are easier to cast, but less powerful.


Message History

Unknown command.
Unknown command.
Unknown command.
You feel much better.
The orb of fire emits a lurid red light.
The bolt of fire misses you.
The orb of fire glows red.
The fireball explodes!
The fireball engulfs you!! You resist.
* * * LOW HITPOINT WARNING * * *
Your body deteriorates!
You feel dopey.
The orb of fire glows deep purple.
The bolt of fire misses you.
The orb of fire glows deep purple.
Strange energies course through your body.
The orb of fire glows red.
The bolt of fire hits you!! You resist.
* * * LOW HITPOINT WARNING * * *
The orb of fire emits a lurid red light.
The fireball explodes!
The fireball engulfs you! You resist.
You die...

**** *,,,,,,,,,,,,,,,,,,,,,^,,*
**,,,,,,,,,,,,,,,....,,,**
***,,,,,,,,,,,,,?^..,,**
****,,,,,,,,,^....,**
**▓▓▓▓▓▓▓▓▓▓##8....**
***,...........§§.d..,**
**,,,,##.X.....§§.....,,**
*****,,,*##.....*§........,,,**
,,,,,,,**#....§.@*§.^.§§..,^,^*
,,,,,,** #......).....§...,,,,*
,,,,,,* #................,,^,*
,,,,,** #.........^^.....,,,,*
,,,,,* #.......)).......,,,,*
,,^,,** #...........*....,,,,*
,,,,,,* ##.........*.....,,,**
,,,,,,** ##..............,,**
,,,,,,,* **,,,,,,,,,,,,,,**


You could see 4 orbs of fire, a white draconian and an Orb Guardian.

Vanquished Creatures
  the Royal Jelly (Slime:5)
  Khufu (Crypt:2)
  An orb of fire (Zot:4)
  4 juggernauts
  3 ancient liches
  The ghost of Juploucw the Slayer, a veteran MiBe of Trog (Vaults:4)
  Sojobo (Depths:2)
  The ghost of Asajosug the Merry Gargoyle, a legendary GrBe of the Shining One (Crypt:1)
  Boris (Crypt:3)
  3 Killer Klowns
  The ghost of Loygofec the Brawler, a veteran TrEE of Sif Muna (Depths:1)
  Saint Roka (Depths:4)
  3 curse toes
  Geryon (Hell)
  8 golden dragons
  3 bone dragons
  2 electric golems
  The ghost of Qeott the Genius of the Arcane, an adept GnCj of Sif Muna (Vaults:4)
  15 tentacled monstrosities
  12 liches
  6 Orb Guardians (Zot:5)
  9 quicksilver dragons
  2 deep elf blademasters
  A deep elf master archer (Elf:3)
  The ghost of Vajiomis the Wrestler, an adept TrFi of Okawaru (Elf:2)
  25 acid blobs
  5 titans (Vaults:5)
  An eldritch tentacle (Depths:1)
  A kraken (Shoals:2)
  8 sphinxes
  Gastronok (Lair:1)
  10 death cobs
  Murray (Hell)
  Kirke (Lair:4)
  Polyphemus (Shoals:3)
  12 azure jellies
  Donald (Shoals:1)
  Ilsuiw (Shoals:3)
  8 ancient champions
  12 shadow dragons
  Roxanne (Elf:2)
  18 storm dragons
  15 tengu reavers
  14 large abominations
  2 revenants (Crypt:3)
  3 draconian monks
  14 deep elf sorcerers
  3 iron dragons
  Aizul (Elf:1)
  14 frost giants
  A balrug (Hell)
  6 ghost moths
  An orc warlord (Orc:2)
  5 draconian knights
  9 draconian scorchers
  10 fire giants
  5 draconian shifters
  3 cacodemons
  16 ironheart preservers
  3 deep elf elementalists (Elf:3)
  16 vault wardens
  10 reapers
  Louise (Depths:4)
  3 curse skulls
  14 ghouls
  2 draconian stormcallers
  4 emperor scorpions (Spider:4)
  3 war gargoyles
  16 stone giants
  6 spriggan defenders
  4 draconian annihilators
  17 very ugly things
  5 entropy weavers
  8 black draconians
  A juggernaut skeleton (Crypt:2)
  A dire elephant (D:15)
  4 deep elf demonologists
  7 vampire knights
  10 white draconians
  18 yellow draconians
  14 red draconians
  7 green draconians
  9 deep elf annihilators
  A minotaur (Gauntlet)
  5 spark wasps
  10 purple draconians
  8 eidola
  15 ettins
  9 deep elf death magi
  8 merfolk javelineers
  3 mummy priests (Crypt:3)
  9 jiangshi
  6 death oozes (Slime:5)
  9 fire dragons
  2 blizzard demons (Hell)
  7 merfolk impalers
  The ghost of Fac Jizoo the Corrupter of Planes, a journeyman FoAK of Lugonu (Orc:1)
  Fannar (D:10)
  14 yaktaur captains
  5 deep elf high priests
  A quicksilver dragon zombie (Crypt:3)
  33 vault guards
  7 rakshasas
  12 small abominations
  8 catoblepae
  3 merfolk avatars (Shoals:4)
  4 hydras
  12 ice dragons
  17 great orbs of eyes
  9 boulder beetles
  3 ghost crabs (Depths:1)
  9 centaur warriors
  7 spriggan air magi
  9 death knights
  44 two-headed ogres
  4 tengu warriors
  6 merfolk aquamancers
  A queen ant (Gauntlet)
  10 death yaks
  16 ogre magi
  7 satyrs
  29 dancing weapons
  9 deep troll shamans
  7 vampire magi
  11 hell hogs (Hell)
  8 deep troll earth magi
  7 spriggan berserkers
  2 orc high priests
  2 titan zombies
  6 soul eaters
  2 iron golems (Hell)
  3 spriggans
  Urug (Orc:2)
  Sonja (Orc:2)
  4 sun demons (Hell)
  29 deep elf knights
  2 titan skeletons
  18 hell knights
  A sixfirhy (Hell)
  A sea snake (shapeshifter) (Elf:2)
  5 shadow wraiths
  46 skeletal warriors
  3 iron trolls (Depths:3)
  A storm dragon skeleton (Crypt:2)
  A death drake (shapeshifter) (Depths:3)
  2 fire crabs (shapeshifter)
  5 glowing orange brains
  2 unseen horrors
  5 sea snakes
  A kraken simulacrum (Hell)
  13 phantasmal warriors
  3 bog bodies
  A golden dragon skeleton (Crypt:2)
  10 deep elf archers
  17 ironbrand convokers
  An unseen horror (shapeshifter) (Elf:2)
  30 deep trolls
  9 flayed ghosts
  A goliath frog skeleton (Crypt:2)
  2 harpies (shapeshifter) (Depths:3)
  7 necromancers
  11 harpies
  6 shining eyes
  A wolf spider (shapeshifter) (Depths:3)
  5 orc sorcerers
  10 wizards
  38 ugly things
  29 wolf spiders
  A salamander (Depths:5)
  17 orc knights
  11 manticores
  15 orb spiders
  A shining eye (shapeshifter) (Depths:1)
  2 worldbinders (Depths:1)
  25 cyclopes
  2 salamanders (shapeshifter)
  25 moths of wrath
  An oklob plant (Zot:4)
  A sphinx skeleton (Vaults:4)
  A manticore (shapeshifter) (Depths:1)
  60 deep elf magi
  12 merfolk sirens
  An elephant (shapeshifter) (Depths:5)
  12 fauns
  2 iron dragon skeletons (Depths:1)
  A fire giant skeleton (Crypt:3)
  2 smoke demons (Hell)
  17 elephants
  A frost giant skeleton (Crypt:1)
  5 ice statues
  5 black mambas
  8 rust devils (Hell)
  A cane toad (shapeshifter) (Elf:2)
  21 vault sentinels
  4 water nymphs
  4 orange demons (Hell)
  A titan simulacrum (Crypt:3)
  2 torpor snails
  5 eyes of devastation
  7 cane toads
  A kobold demonologist (D:14)
  A molten gargoyle (Hell)
  A yaktaur zombie (Vaults:4)
  2 elf skeletons
  2 hellions (Hell)
  A storm dragon simulacrum (Vaults:4)
  Maggie (D:6)
  A white draconian zombie (Crypt:1)
  13 demonic crawlers
  2 komodo dragons (shapeshifter)
  A redback zombie (Crypt:1)
  48 yaktaurs
  An anaconda simulacrum (Hell)
  A rime drake (shapeshifter) (Elf:2)
  A golden dragon simulacrum (Depths:1)
  13 freezing wraiths
  13 komodo dragons
  A black draconian skeleton (Crypt:1)
  4 rime drakes
  8 guardian mummies (Crypt:3)
  2 efreet (D:15)
  3 tengu conjurers
  A meliai (shapeshifter) (Vaults:3)
  A polar bear (Lair:2)
  2 red devils (Hell)
  11 ice devils
  A red draconian skeleton (Crypt:1)
  A queen bee (shapeshifter) (Vaults:1)
  2 hydra zombies
  31 merfolk
  A moth of wrath zombie (Crypt:2)
  A grey draconian skeleton (Crypt:1)
  2 polar bears (shapeshifter)
  110 slime creatures
  A tengu simulacrum (Depths:1)
  22 jumping spiders
  5 trolls
  A troll (shapeshifter) (Depths:3)
  17 hornets
  A wind drake (Shoals:1)
  3 hydra skeletons (Hell)
  A hornet (shapeshifter) (Depths:3)
  6 dream sheep (Lair:6)
  A blink frog (shapeshifter) (Elf:2)
  Prince Ribbit (D:5)
  16 blink frogs
  4 snapping turtles
  2 dream sheep (shapeshifter)
  A fire dragon zombie (Crypt:3)
  A meliai zombie (D:15)
  4 shadows
  9 flying skulls (Crypt:2)
  An air elemental (Elf:3)
  69 redbacks
  2 spriggans (shapeshifter)
  A shapeshifter (Vaults:4)
  30 tarantellas
  10 wraiths
  2 ushabtiu (Crypt:3)
  A hog (shapeshifter) (Depths:1)
  5 neqoxecs (Orc:1)
  23 water elementals
  A basilisk (shapeshifter) (Vaults:3)
  7 golden eyes
  4 wyverns
  75 yaks
  9 fire elementals
  9 basilisks
  5 hogs
  2 steam dragons (D:11)
  2 spatial vortices (Depths:1)
  2 chaos spawn (Depths:2)
  2 insubstantial wisps (Depths:1)
  11 wargs
  5 acid dragons
  6 soldier ants
  A naga (shapeshifter) (Vaults:5)
  16 water moccasins
  2 cane toad zombies (Hell)
  Duvessa (D:5)
  A floating eye (shapeshifter) (Vaults:5)
  10 hell hounds (Hell)
  A hydra simulacrum (Hell)
  A floating eye (Depths:3)
  A swamp drake (Lair:4)
  46 orc warriors
  4 necrophages
  6 sky beasts
  A black bear (D:10)
  3 ice beasts
  An ettin simulacrum (Vaults:1)
  An ogre (shapeshifter) (Elf:2)
  A black bear (shapeshifter) (D:14)
  2 eyes of draining (shapeshifter) (Vaults:2)
  13 wolves
  5 eyes of draining
  26 ogres
  9 boggarts
  5 phantoms
  A manticore skeleton (Crypt:3)
  9 centaurs
  A snapping turtle skeleton (Crypt:3)
  2 elf zombies (D:8)
  2 big kobolds
  17 bullfrogs
  3 earth elementals (Elf:3)
  A glowing shapeshifter simulacrum (Depths:1)
  2 salamander skeletons
  A water moccasin skeleton (D:8)
  2 wyvern skeletons
  3 scorpions
  Dowan (D:5)
  A troll zombie (D:8)
  6 killer bees
  23 wights
  A spriggan skeleton (Crypt:3)
  2 electric eels (D:13)
  A raiju skeleton (Crypt:2)
  A vampire bat (Depths:1)
  A howler monkey (D:5)
  4 human zombies
  4 quasits
  A draconian simulacrum (IceCv)
  A centaur zombie (Crypt:2)
  A bullfrog zombie (D:8)
  18 jellies
  8 hounds
  24 orc priests
  An iron imp (Depths:1)
  30 orc wizards
  4 bullfrog skeletons
  6 centaur skeletons
  Jessica (D:3)
  A basilisk skeleton (Crypt:3)
  2 iguanas
  16 worker ants
  6 hell rats (Hell)
  A spriggan simulacrum (IceCv)
  3 troll simulacra (IceCv)
  A felid zombie (Crypt:3)
  A demigod zombie (Crypt:1)
  2 centaur simulacra (IceCv)
  A hound zombie (D:8)
  A hound skeleton (Crypt:2)
  7 mummies
  A worker ant zombie (D:10)
  A howler monkey zombie (D:10)
  12 gnolls
  2 ogre simulacra (IceCv)
  A steam dragon zombie (Crypt:3)
  5 adders
  A naga simulacrum (IceCv)
  8 river rats (D:5)
  2 shadow imps
  6 white imps
  An ooze (D:3)
  2 halfling skeletons
  2 worms
  A dart slug (D:2)
  7 leopard geckos
  77 orcs
  4 ball pythons
  6 bats
  6 giant cockroaches
  4 hobgoblins
  17 jackals
  9 quokkas
  4 frilled lizards
  20 goblins
  A jackal zombie (D:7)
  15 kobolds
  2 leopard gecko zombies
  2 orc zombies (D:8)
  19 rats
  7 crawling corpses
  A macabre mass (Depths:1)
  3 tentacles
  A withered plant (Crypt:2)
2809 creatures vanquished.

Vanquished Creatures (collateral kills)
  Arachne (Spider:4)
  A stone giant (Orc:1)
  An ettin (Orc:1)
  2 hydras (Lair:6)
  An orb spider (Spider:4)
  An ugly thing (D:10)
  A torpor snail (Spider:4)
  4 yaks (Lair:6)
  A hog (Lair:4)
  A hornet zombie (D:13)
14 creatures vanquished.

Vanquished Creatures (others)
  Bai Suzhen (Depths:3)
  Nikola (Shoals:3)
  A tengu reaver (Vaults:5)
  A ghost moth (Spider:4)
  A fire giant (Depths:3)
  A stone giant (Vaults:5)
  2 yellow draconians (Zot:4)
  A large abomination (Elf:3)
  A deep elf high priest (Elf:3)
  A yaktaur captain (Vaults:5)
  A vault guard (Vaults:5)
  A two-headed ogre (Vaults:5)
  A hell hog (Hell)
  A deep elf knight (Elf:3)
  A wizard (Depths:1)
  A deep elf archer (Elf:3)
  A deep elf mage (Elf:1)
  A smoke demon (Hell)
  A guardian mummy (Crypt:3)
  An ushabti (Crypt:3)
  A hell hound (Hell)
  2 bushes (Lair:6)
  3 demonic plants (Gauntlet)
  23 fungi
  89 plants
  9 tentacles
  34 withered plants
182 creatures vanquished.

Grand Total: 3005 creatures vanquished

Notes
Turn   | Place    | Note
-------+----------+-------------------------------------------
     0 | D:1      | Morbidden the Demonspawn Fighter began the quest for the
                  | Orb.
     0 | D:1      | Reached XP level 1. HP: 18/18 MP: 1/1
   106 | D:1      | Gained mutation: You have a pair of small horns on your
                  | head. [demonic ancestry]
   106 | D:1      | Reached XP level 2. HP: 18/24 MP: 2/2
   594 | D:2      | Reached skill level 3 in Shields
   667 | D:2      | Gained mutation: You are partially covered in molten
                  | scales. (AC +2) [demonic ancestry]
   667 | D:2      | Reached XP level 3. HP: 28/29 MP: 3/3
  1442 | D:3      | Noticed Jessica
  1456 | D:3      | Killed Jessica
  1457 | D:3      | Gained mutation: You have a pair of horns on your head.
                  | [demonic ancestry]
  1457 | D:3      | Reached XP level 4. HP: 33/35 MP: 4/4
  1618 | D:3      | Gained mutation: You regenerate a little health from kills.
                  | [demonic ancestry]
  1618 | D:3      | Reached XP level 5. HP: 35/41 MP: 5/5
  1880 | D:3      | Found an ornate altar of the Wu Jian Council.
  2602 | D:4      | Noticed a phantom
  2635 | D:4      | Killed a phantom
  2636 | D:4      | Reached XP level 6. HP: 39/48 MP: 6/6
  2732 | D:4      | Found Gior's Magic Scroll Emporium.
  2741 | D:4      | Bought a scroll of teleportation for 30 gold pieces
  2741 | D:4      | Bought a scroll of blinking for 75 gold pieces
  3017 | D:5      | Entered Level 5 of the Dungeon
  3053 | D:5      | Noticed a shadow
  3055 | D:5      | Found a shadowy altar of Dithmenos.
  3056 | D:5      | Found a hazy altar of Hepliaklqana.
  3213 | D:5      | Noticed a sky beast
  3233 | D:5      | Killed a sky beast
  3234 | D:5      | Reached skill level 5 in Long Blades
  3234 | D:5      | Reached skill level 1 in Dodging
  3234 | D:5      | Gained mutation: You have a pair of large horns on your
                  | head. [demonic ancestry]
  3234 | D:5      | Reached XP level 7. HP: 42/53 MP: 7/7
  3276 | D:5      | Noticed Dowan
  3277 | D:5      | Noticed Duvessa
  3301 | D:5      | Killed Dowan
  3339 | D:5      | Killed Duvessa
  3407 | D:5      | Reached skill level 1 in Short Blades
  3622 | D:5      | Noticed Prince Ribbit
  3636 | D:5      | Killed Prince Ribbit
  3637 | D:5      | Reached skill level 4 in Shields
  3637 | D:5      | Reached XP level 8. HP: 48/61 MP: 8/8
  3738 | D:5      | Found a sacrificial altar of Ru.
  4475 | D:6      | Found a runed translucent door.
  4479 | D:6      | Reached skill level 5 in Fighting
  4479 | D:6      | Found a runed translucent door.
  4625 | D:6      | Found a staircase to the Ecumenical Temple.
  4660 | Temple   | Entered the Ecumenical Temple
  4717 | Temple   | Became a worshipper of Cheibriados the Contemplative
  4868 | D:6      | Noticed Maggie
  4878 | D:6      | Killed Maggie
  4879 | D:6      | Reached skill level 5 in Armour
  4879 | D:6      | Reached skill level 1 in Invocations
  5217 | D:7      | Gained mutation: You regenerate health from kills. [demonic
                  | ancestry]
  5217 | D:7      | Reached XP level 9. HP: 68/68 MP: 10/10
  5289 | D:6      | Reached * piety under Cheibriados
  5670 | D:7      | Found an opulent altar of Gozag.
  5727 | D:7      | Reached ** piety under Cheibriados
  5782 | D:7      | Found a broken altar of Ashenzari.
  5967 | D:8      | Found a burning altar of Makhleb.
  6135 | D:8      | Identified the Guide on Stones
  6152 | D:8      | Reached *** piety under Cheibriados
  6189 | D:8      | Gained mutation: You are mostly covered in molten scales.
                  | (AC +3) [demonic ancestry]
  6189 | D:8      | Reached XP level 10. HP: 76/76 MP: 13/13
  6364 | D:8      | Reached skill level 5 in Shields
  6369 | D:8      | Reached skill level 5 in Invocations
  6410 | D:8      | Reached **** piety under Cheibriados
  6425 | D:8      | Found an ancient bone altar of Kikubaaqudgha.
  6848 | D:9      | Learned a level 4 spell: Iskenderun's Mystic Blast
  6857 | D:9      | Reached skill level 1 in Spellcasting
  7181 | D:9      | Found a radiant altar of Vehumet.
  7295 | D:10     | Entered Level 10 of the Dungeon
  7295 | D:10     | Found a staircase to the Orcish Mines.
  7298 | D:10     | Noticed an orc knight
  7313 | D:10     | Killed an orc knight
  7327 | D:10     | Found Ykkian's Weapon Shoppe.
  7397 | D:10     | Reached skill level 1 in Conjurations
  7412 | D:10     | Reached skill level 1 in Translocations
  7890 | D:10     | Found a runed translucent gate.
  7890 | D:10     | Found a runed translucent gate.
  7890 | D:10     | Found a runed translucent gate.
  7891 | D:10     | Noticed an 11-headed hydra
  7891 | D:10     | Noticed Kinoniko's ghost (novice HaFi)
  7893 | D:10     | Noticed a ten-headed hydra
  8065 | D:10     | Reached XP level 11. HP: 73/83 MP: 15/15
  8200 | D:11     | Noticed Fannar
  8204 | D:11     | Noticed a cyan ugly thing
  8215 | D:10     | Killed Fannar
  8471 | D:11     | Noticed a cyan ugly thing
  8487 | D:11     | Killed a cyan ugly thing
  8487 | D:11     | Reached ***** piety under Cheibriados
  8592 | D:11     | Noticed a boulder beetle
  8601 | D:11     | Killed a boulder beetle
  8702 | D:11     | Noticed a two-headed ogre
  8708 | D:11     | Killed a two-headed ogre
  8709 | D:11     | Reached skill level 1 in Stealth
  8756 | D:11     | Noticed a two-headed ogre
  8769 | D:11     | Reached skill level 6 in Shields
  8974 | D:11     | Found a staircase to the Lair.
  8981 | D:11     | Reached skill level 10 in Long Blades
  9140 | D:11     | Killed a two-headed ogre
  9158 | D:11     | Noticed a white ugly thing
  9165 | D:11     | Killed a white ugly thing
  9212 | D:11     | Noticed a cyan ugly thing
  9230 | D:10     | Killed a cyan ugly thing
  9247 | D:10     | Killed a brown ugly thing
  9692 | D:12     | Found a frozen archway.
  9701 | IceCv    | Entered an ice cave
 10036 | IceCv    | Gained mutation: You are partially covered in sharp spines.
                  | [demonic ancestry]
 10036 | IceCv    | Reached XP level 12. HP: 60/91 MP: 17/17
 10498 | IceCv    | Reached skill level 5 in Dodging
 11636 | D:13     | Noticed a six-headed hydra
 11637 | D:13     | Noticed a rakshasa
 11646 | D:13     | Killed a seven-headed hydra
 11652 | D:13     | Killed a rakshasa
 11908 | D:13     | Reached skill level 7 in Shields
 12344 | D:13     | Reached ****** piety under Cheibriados
 12351 | D:13     | Reached skill level 1 in Evocations
 12445 | D:13     | Noticed a tengu warrior
 12460 | D:13     | Killed a tengu warrior
 12481 | D:13     | Noticed a four-headed hydra
 12558 | D:13     | Noticed a death knight
 12563 | D:13     | Killed a four-headed hydra
 12568 | D:13     | Killed a death knight
 12568 | D:13     | Noticed a death knight
 12821 | Lair:1   | Entered Level 1 of the Lair of Beasts
 12848 | Lair:1   | Reached skill level 5 in Spellcasting
 12852 | Lair:1   | Gained mutation: You resist negative energy. (rN+) [demonic
                  | ancestry]
 12852 | Lair:1   | Reached XP level 13. HP: 100/100 MP: 20/20
 12952 | Lair:1   | Noticed Xiovuas's ghost (journeyman GnWn)
 12962 | Lair:1   | Found a runed translucent door.
 13467 | Lair:1   | Noticed Gastronok
 13486 | Lair:1   | Killed Gastronok
 13487 | Lair:1   | Reached skill level 1 in Throwing
 14229 | Lair:2   | Found a hole to the Spider Nest.
 14564 | Lair:3   | Reached skill level 5 in Conjurations
 15146 | Lair:4   | Reached skill level 8 in Shields
 15454 | Lair:4   | Noticed Kirke
 15466 | Lair:4   | Killed Kirke
 15467 | Lair:4   | Reached skill level 10 in Invocations
 15467 | Lair:4   | Reached XP level 14. HP: 100/108 MP: 22/22
 15584 | Lair:4   | Found a staircase to the Shoals.
 16324 | Lair:5   | Found a staircase to the Slime Pits.
 16765 | Lair:6   | Entered Level 6 of the Lair of Beasts
 17032 | Lair:6   | Reached skill level 10 in Fighting
 17100 | Lair:6   | Reached skill level 9 in Shields
 18394 | D:14     | Reached XP level 15. HP: 82/115 MP: 15/25
 18630 | D:14     | Found a gate to the Vaults.
 19190 | D:14     | Identified the cursed +1 robe of the Salmon {rElec rPois
                  | rF+ rCorr} (You found it on level 14 of the Dungeon)
 19574 | D:15     | Entered Level 15 of the Dungeon
 20199 | D:15     | Found a staircase to the Depths.
 20743 | D:13     | Reached skill level 10 in Shields
 21440 | Orc:1    | Entered Level 1 of the Orcish Mines
 21587 | Orc:1    | Found a transporter.
 21602 | Orc:1    | Found a transporter.
 21603 | Orc:1    | Noticed Fac Jizoo's ghost (journeyman FoAK)
 21703 | Orc:1    | Found Getzaqal's Magic Scroll Shoppe.
 21719 | Orc:1    | Bought a scroll of teleportation for 48 gold pieces
 21719 | Orc:1    | Bought a scroll of teleportation for 48 gold pieces
 21728 | Orc:1    | Found Ricw's Assorted Antiques.
 22008 | Orc:1    | Gained mutation: You are mostly covered in sharp spines.
                  | [demonic ancestry]
 22008 | Orc:1    | Reached XP level 16. HP: 84/125 MP: 27/27
 22461 | Orc:1    | Found the +8 arc blade {discharge, rElec}
 22506 | Orc:1    | Got a bloodstained plate armour
 22512 | Orc:1    | Identified the +6 plate armour of the Prince of Darkness
                  | {rPois Regen+ Dex+2} (You found it on level 1 of the Orcish
                  | Mines)
 22519 | Orc:1    | Got transparent swamp dragon scales
 22525 | Orc:1    | Identified the +6 swamp dragon scales of Wayzauwad {rPois
                  | MR+ Int+4 Dex-2 SInv} (You found it on level 1 of the
                  | Orcish Mines)
 22640 | Orc:1    | Found Opinoom's Distillery.
 22776 | Orc:2    | Entered Level 2 of the Orcish Mines
 22778 | Orc:2    | Noticed Sonja
 22780 | Orc:2    | Killed Sonja
 22840 | Orc:2    | Found a gate leading to a gauntlet.
 22843 | Orc:2    | Found a staircase to the Elven Halls.
 22849 | Gauntlet | Entered a Gauntlet
 22849 | Gauntlet | Found a large runed translucent door.
 22849 | Gauntlet | Found a large runed translucent door.
 22849 | Gauntlet | Found a large runed translucent door.
 22849 | Gauntlet | Found a large runed translucent door.
 22849 | Gauntlet | Found a runed translucent door.
 22849 | Gauntlet | Found a large runed translucent door.
 22849 | Gauntlet | Found a large runed translucent door.
 22849 | Gauntlet | Found a transporter.
 22849 | Gauntlet | Found a transporter.
 22849 | Gauntlet | Found a large runed translucent door.
 22849 | Gauntlet | Found a large runed translucent door.
 22849 | Gauntlet | Found a runed translucent gate.
 22849 | Gauntlet | Found a runed translucent gate.
 22849 | Gauntlet | Found a transporter.
 22851 | Gauntlet | Found a transporter.
 22866 | Gauntlet | Found a transporter.
 22877 | Gauntlet | Found a transporter.
 22885 | Gauntlet | Found a transporter.
 22917 | Gauntlet | Found a transporter.
 22935 | Gauntlet | Found a transporter.
 22941 | Gauntlet | Found a runed translucent gate.
 22942 | Gauntlet | Found a large runed translucent door.
 22942 | Gauntlet | Found a large runed translucent door.
 22943 | Gauntlet | Found a large runed translucent door.
 22944 | Gauntlet | Found a large runed translucent door.
 22945 | Gauntlet | Found a large runed translucent door.
 22945 | Gauntlet | Found a large runed translucent door.
 22945 | Gauntlet | Found a runed translucent door.
 22946 | Gauntlet | Found a large runed translucent door.
 22947 | Gauntlet | Found a large runed translucent door.
 22976 | Gauntlet | Found a transporter.
 22986 | Gauntlet | Found a transporter.
 23001 | Gauntlet | Found a transporter.
 23164 | Gauntlet | Identified the +10 morningstar of the Salmon {antimagic,
                  | rN++ SInv}
 23178 | Gauntlet | Identified the ring "Lugeej" {*Contam MP+9 Int+6} (You
                  | found it in a Gauntlet)
 23356 | Orc:2    | Noticed Urug
 23372 | Orc:2    | Killed Urug
 23380 | Orc:2    | Found a roughly hewn altar of Beogh.
 23401 | Orc:2    | Found Qasuzul's Antique Armour Shop.
 23442 | Orc:2    | Found Ukhlea Lulo's Antique Weapon Shop.
 23886 | Orc:2    | Found Bury's General Store.
 23954 | Orc:2    | Found Girchais's Book Shop.
 23960 | Orc:2    | Bought a manual of Dodging for 1766 gold pieces
 23966 | Orc:2    | Learned a level 5 spell: Borgnjor's Vile Clutch
 23974 | Orc:2    | Learned a level 6 spell: Statue Form
 23990 | Orc:2    | Bought a runed tower shield for 255 gold pieces
 24221 | Spider:1 | Entered Level 1 of the Spider Nest
 24295 | Spider:1 | Reached skill level 1 in Necromancy
 24304 | Spider:1 | Reached skill level 11 in Shields
 24434 | Spider:1 | Reached skill level 1 in Transmutations
 26308 | Spider:3 | Reached skill level 5 in Short Blades
 26531 | Spider:4 | Entered Level 4 of the Spider Nest
 26599 | Spider:4 | Reached XP level 17. HP: 132/132 MP: 29/29
 27284 | Spider:4 | Reached skill level 12 in Shields
 27432 | Spider:4 | Noticed Arachne
 27460 | Spider:4 | Killed Arachne
 27875 | Spider:4 | Got a gossamer rune of Zot
 28220 | Vaults:1 | Entered Level 1 of the Vaults
 28931 | Vaults:1 | Found Usocw's Jewellery Emporium.
 28940 | Vaults:1 | Bought the brooch of Shielding {Spirit SH+8} for 653 gold
                  | pieces
 28940 | Vaults:1 | Found the brooch of Shielding {Spirit SH+8}
 29020 | Vaults:1 | Reached skill level 10 in Dodging
 29195 | Vaults:1 | Reached XP level 18. HP: 140/140 MP: 31/31
 29318 | Vaults:1 | Reached skill level 13 in Shields
 29326 | Vaults:1 | Reached skill level 5 in Necromancy
 29373 | Vaults:1 | Identified the +3 demon trident of the Firefly {venom,
                  | *Contam rPois MR++ Dex+8} (You found it on level 1 of the
                  | Vaults)
 30108 | Vaults:2 | Paralysed by a deep elf mage for 6 turns
 30358 | Vaults:2 | Reached skill level 5 in Transmutations
 30582 | Vaults:2 | Paralysed by a vampire knight for 6 turns
 30599 | Vaults:2 | Found a staircase to the Crypt.
 30911 | Vaults:3 | Reached skill level 14 in Shields
 31153 | Vaults:3 | Gained mutation: You are completely covered in molten
                  | scales. (AC +4, rF+) [demonic ancestry]
 31153 | Vaults:3 | Reached XP level 19. HP: 148/148 MP: 32/32
 31699 | Vaults:3 | Reached skill level 10 in Spellcasting
 32656 | Vaults:4 | Found Joaxkausm's Distillery.
 32757 | Vaults:4 | Found a runed translucent gate.
 32758 | Vaults:4 | Found a runed translucent gate.
 32758 | Vaults:4 | Found a runed translucent gate.
 32759 | Vaults:4 | Noticed Qeott's ghost (adept GnCj)
 32759 | Vaults:4 | Noticed Juploucw's ghost (veteran MiBe)
 33274 | Vaults:4 | Killed Qeott's ghost
 33303 | Vaults:4 | Killed Juploucw's ghost
 33790 | Shoals:1 | Entered Level 1 of the Shoals
 33792 | Shoals:1 | Noticed Donald
 33800 | Shoals:1 | Killed Donald
 33825 | Shoals:1 | Reached XP level 20. HP: 47/156 MP: 3/34
 34112 | Shoals:1 | You fall into a shaft and drop 1 floor!
 34140 | Shoals:2 | Reached skill level 15 in Shields
 35361 | Shoals:3 | Noticed Polyphemus
 35383 | Shoals:3 | Killed Polyphemus
 35438 | Shoals:3 | Noticed Ilsuiw
 35477 | Shoals:3 | Killed Ilsuiw
 35918 | Shoals:3 | Noticed Nikola
 35941 | Shoals:3 | Killed Nikola
 36338 | Shoals:4 | Entered Level 4 of the Shoals
 36398 | Shoals:4 | Got a barnacled rune of Zot
 36439 | Shoals:4 | Found Ruinucvu's Distillery.
 36454 | Shoals:4 | Bought a potion of heal wounds for 50 gold pieces
 36454 | Shoals:4 | Bought a potion of heal wounds for 50 gold pieces
 36454 | Shoals:4 | Bought a potion of magic for 80 gold pieces
 36846 | Shoals:4 | Found Xywon's Mayhem Merchandise.
 37587 | Elf:1    | Entered Level 1 of the Elven Halls
 37642 | Elf:1    | Found Ranuopomn's Armour Emporium.
 37713 | Elf:1    | Found Refon Dom's Jewellery Shop.
 37747 | Elf:1    | Found Icijuah's Assorted Antiques.
 37758 | Elf:1    | Bought a pair of runed gloves for 180 gold pieces
 37794 | Elf:1    | Noticed Aizul
 37802 | Elf:1    | Killed Aizul
 37888 | Elf:1    | Found Ypuosow's Magic Scroll Shoppe.
 38083 | Elf:1    | Identified the Compendium of Supportive Conjuration
 38155 | Elf:1    | Found an ancient bone altar of Kikubaaqudgha.
 38216 | Elf:2    | Found a runed translucent gate.
 38325 | Elf:2    | Found a runed translucent gate.
 38325 | Elf:2    | Found a runed translucent gate.
 38325 | Elf:2    | Found a runed translucent gate.
 38352 | Elf:2    | Identified Roxanne's Volume of Earth
 38352 | Elf:2    | Noticed Roxanne
 38365 | Elf:2    | Reached skill level 16 in Shields
 38388 | Elf:2    | Killed Roxanne
 38389 | Elf:2    | Reached XP level 21. HP: 147/164 MP: 36/36
 38429 | Elf:2    | Reached skill level 10 in Short Blades
 38568 | Elf:2    | Found a runed translucent gate.
 38569 | Elf:2    | Found a runed translucent gate.
 38640 | Elf:2    | Found a runed translucent gate.
 38640 | Elf:2    | Found a runed translucent gate.
 38653 | Elf:2    | Found a runed translucent gate.
 38660 | Elf:2    | Noticed Vajiomis's ghost (adept TrFi)
 38699 | Elf:2    | Killed Vajiomis's ghost
 38738 | Elf:2    | Got a pair of encrusted gloves
 38742 | Elf:2    | Gained mutation: Scrolls take you a little longer to read.
                  | [mutagenic glow]
 38748 | Elf:2    | Gained mutation: You are dopey. (Int -2) [mutagenic glow]
 38755 | Elf:2    | Gained mutation: Your body sometimes deteriorates upon
                  | taking damage. [mutagenic glow]
 38766 | Elf:2    | Gained mutation: You tend to lose your temper in combat.
                  | [mutagenic glow]
 38770 | Elf:2    | Identified the +1 pair of gloves of the Planets {*Contam
                  | Rampage MR++ SInv} (You found it on level 2 of the Elven
                  | Halls)
 38786 | Elf:2    | Gained mutation: Armour fits poorly on your strangely
                  | shaped body. [mutagenic glow]
 38803 | Elf:2    | Gained mutation: Your body often deteriorates upon taking
                  | damage. [mutagenic glow]
 38874 | Elf:2    | Lost mutation: Your body often deteriorates upon taking
                  | damage. [potion of mutation]
 38874 | Elf:2    | Lost mutation: Your body sometimes deteriorates upon taking
                  | damage. [potion of mutation]
 38874 | Elf:2    | Gained mutation: Scrolls take you longer to read. [potion
                  | of mutation]
 38874 | Elf:2    | Gained mutation: Your spells are a little easier to cast,
                  | but a little less powerful. [potion of mutation]
 38874 | Elf:2    | Lost mutation: You tend to lose your temper in combat.
                  | [potion of mutation]
 38874 | Elf:2    | Gained mutation: You are resistant to hostile enchantments.
                  | (MR+) [potion of mutation]
 38875 | Elf:2    | Lost mutation: Scrolls take you longer to read. [potion of
                  | mutation]
 38875 | Elf:2    | Lost mutation: Your spells are a little easier to cast, but
                  | a little less powerful. [potion of mutation]
 38875 | Elf:2    | Lost mutation: You are dopey. (Int -2) [potion of mutation]
 38875 | Elf:2    | Gained mutation: You possess an exceptional clarity of
                  | mind. [potion of mutation]
 38875 | Elf:2    | Gained mutation: Your mind is acute. (Int +2) [potion of
                  | mutation]
 38876 | Elf:2    | Lost mutation: You are resistant to hostile enchantments.
                  | (MR+) [potion of mutation]
 38876 | Elf:2    | Lost mutation: You possess an exceptional clarity of mind.
                  | [potion of mutation]
 38876 | Elf:2    | Gained mutation: Scrolls take you longer to read. [potion
                  | of mutation]
 38876 | Elf:2    | Gained mutation: You expend magic power (3 MP) to
                  | strengthen your wands. [potion of mutation]
 38877 | Elf:2    | Lost mutation: Scrolls take you longer to read. [potion of
                  | mutation]
 38877 | Elf:2    | Lost mutation: Scrolls take you a little longer to read.
                  | [potion of mutation]
 38877 | Elf:2    | Lost mutation: Your mind is acute. (Int +2) [potion of
                  | mutation]
 38877 | Elf:2    | Lost mutation: You expend magic power (3 MP) to strengthen
                  | your wands. [potion of mutation]
 38877 | Elf:2    | Gained mutation: Your system is resistant to poisons.
                  | (rPois) [potion of mutation]
 38877 | Elf:2    | Gained mutation: You are occasionally teleported next to
                  | monsters. [potion of mutation]
 38877 | Elf:2    | Gained mutation: You evolve. [potion of mutation]
 38878 | Elf:2    | Lost mutation: Armour fits poorly on your strangely shaped
                  | body. [potion of mutation]
 38878 | Elf:2    | Lost mutation: Your system is resistant to poisons. (rPois)
                  | [potion of mutation]
 38878 | Elf:2    | Gained mutation: You are resistant to hostile enchantments.
                  | (MR+) [potion of mutation]
 38878 | Elf:2    | Gained mutation: You possess an exceptional clarity of
                  | mind. [potion of mutation]
 38878 | Elf:2    | Gained mutation: You can translocate small distances at
                  | will. [potion of mutation]
 38881 | Elf:2    | Gained mutation: You regenerate a lot of health from kills.
                  | [demonic ancestry]
 38881 | Elf:2    | Reached XP level 22. HP: 171/171 MP: 37/37
 38882 | Elf:2    | Reached XP level 23. HP: 179/179 MP: 38/38
 39354 | Elf:2    | Lost mutation: You evolve. [end of evolution]
 39414 | Elf:3    | Entered Level 3 of the Elven Halls
 39633 | Elf:3    | Found the +10 Black Knight's barding {ponderous, rPois rN+}
 39766 | Elf:3    | Got a scorched amber ring
 39767 | Elf:3    | Identified the ring "Vieff" {rC+++ Str+4 Dex+6 Stlth+} (You
                  | found it on level 3 of the Elven Halls)
 39791 | Elf:3    | Identified the +7 plate armour "Doan" {rN+ Dex+8} (You
                  | found it on level 3 of the Elven Halls)
 39805 | Elf:3    | Identified the +0 pair of boots "Kineiss" {Rampage MR++
                  | Str-5} (You found it on level 3 of the Elven Halls)
 40507 | Depths:1 | Entered Level 1 of the Depths
 40632 | Depths:1 | Found Exiclauv's Jewellery Shoppe.
 40633 | Depths:1 | Found Rucupt's Gadget Shop.
 40634 | Depths:1 | Found Nineodal's Jewellery Shoppe.
 40746 | Depths:1 | Reached skill level 17 in Shields
 40746 | Depths:1 | Gained mutation: You are somewhat able to resist unholy
                  | torments (1 in 2 success). [demonic ancestry]
 40746 | Depths:1 | Reached XP level 24. HP: 187/187 MP: 38/38
 40910 | Depths:1 | Identified Lizxoam's Reference Book on Translocation
 41214 | Depths:1 | Found a gateway to Hell.
 41279 | Depths:1 | Reached skill level 15 in Fighting
 41499 | Depths:1 | Identified Timyvvuro's Guide on Dark Magic
 41522 | Depths:1 | Found a runed translucent door.
 41527 | Depths:1 | Noticed Loygofec's ghost (veteran TrEE)
 41532 | Depths:1 | Learned a level 3 spell: Vampiric Draining
 41552 | Depths:1 | Found Seotugg's Weapon Boutique.
 41581 | Depths:1 | Killed Loygofec's ghost
 41785 | Depths:1 | Identified Roczar's Guide on Bewitchment
 41977 | Depths:1 | Identified the Incunabulum of Shape Shifting
 42012 | Depths:1 | Found a portal to a secret trove of treasure.
 42129 | Depths:1 | Identified the Disquisition on the Entourage
 42345 | Depths:2 | Noticed Sojobo
 42363 | Depths:2 | Killed Sojobo
 42720 | Depths:2 | Identified the ring of Compulsion {rC+ rN+ Dex+2}
 42754 | Depths:2 | Reached skill level 18 in Shields
 43096 | Depths:2 | Found a one-way gate to the infinite horrors of the Abyss.
 43355 | Depths:2 | Reached skill level 1 in Earth Magic
 43597 | Depths:2 | Identified a scroll of acquirement
 43597 | Depths:2 | Acquired 637 gold pieces
 43811 | Depths:3 | Noticed Bai Suzhen
 43834 | Depths:3 | Killed Bai Suzhen
 43893 | Depths:3 | Noticed a juggernaut
 43904 | Depths:3 | Killed a juggernaut
 43905 | Depths:3 | Reached skill level 10 in Armour
 44068 | Depths:3 | Found a gateway to a ziggurat.
 44078 | Depths:3 | Found a glowing golden altar of the Shining One.
 44239 | Depths:3 | Identified the Guide on Fiery Execration
 44399 | Depths:3 | Noticed a juggernaut
 44423 | Depths:3 | Killed a juggernaut
 44424 | Depths:3 | Reached skill level 15 in Dodging
 44431 | Depths:3 | Gained mutation: Your melee attacks may debilitate your
                  | foes. [demonic ancestry]
 44431 | Depths:3 | Reached XP level 25. HP: 149/195 MP: 29/39
 44564 | Depths:3 | Reached skill level 19 in Shields
 44564 | Depths:3 | Reached skill level 10 in Transmutations
 44929 | Depths:3 | Got a shimmering lead ring
 44931 | Depths:3 | Identified the Catalogue of Black Rituals and Envenoming
 45071 | Depths:3 | Noticed a juggernaut
 45088 | Depths:3 | Killed a juggernaut
 45291 | Depths:3 | Paralysed by a floating eye for 3 turns
 45556 | Depths:3 | Identified the ring of Knowledge {rF- rC+ rN+ MP+9} (You
                  | found it on level 3 of the Depths)
 45596 | Depths:3 | Found a one-way gate leading to the halls of Pandemonium.
 45799 | Depths:4 | Found an iron altar of Okawaru.
 45896 | Depths:4 | Found a burning altar of Makhleb.
 45989 | Depths:4 | Noticed Saint Roka
 45990 | Depths:4 | Noticed Louise
 46004 | Depths:4 | Killed Louise
 46015 | Depths:4 | Killed Saint Roka
 46097 | Depths:4 | Noticed a juggernaut
 46108 | Depths:4 | Killed a juggernaut
 46167 | Depths:4 | Reached skill level 20 in Shields
 47138 | Depths:5 | Entered Level 5 of the Depths
 47153 | Depths:5 | Gained mutation: You are completely covered in sharp
                  | spines. [demonic ancestry]
 47153 | Depths:5 | Reached XP level 26. HP: 204/204 MP: 40/40
 47550 | Depths:5 | Found a gate to the Realm of Zot.
 47640 | Depths:5 | Found Daiwax's General Store.
 47900 | Hell     | Entered the Vestibule of Hell
 47900 | Hell     | Noticed Geryon
 47935 | Hell     | Killed Geryon
 47994 | Hell     | HP: 2/206 [smoke demon/divine providence (12)]
 47997 | Hell     | Acquired 762 gold pieces
 48032 | Hell     | Found a gateway to the Iron City of Dis.
 48204 | Hell     | Noticed Murray
 48235 | Hell     | Killed Murray
 48529 | Hell     | Found a gateway to the freezing wastes of Cocytus.
 48706 | Hell     | Found a gateway to the ashen valley of Gehenna.
 48784 | Hell     | Found a gateway to the decaying netherworld of Tartarus.
 49097 | Crypt:1  | Entered Level 1 of the Crypt
 49177 | Vaults:5 | Entered Level 5 of the Vaults
 49209 | Vaults:5 | Reached skill level 21 in Shields
 49305 | Vaults:5 | Reached XP level 27. HP: 213/213 MP: 41/41
 49331 | Vaults:5 | Reached skill level 5 in Stealth
 49390 | Vaults:5 | Identified the +4 broad axe of the Lesser Evil {flame,
                  | *Noise Str+4}
 49521 | Vaults:5 | Identified the ring of the Trilobite {+Fly rN+}
 49823 | Vaults:5 | Identified the +7 spear "Idobiwka" {freeze, rElec rPois}
 49966 | Vaults:5 | Identified the +9 plate armour of Dishonour {+Inv rN+}
 50088 | Vaults:5 | Reached skill level 15 in Necromancy
 50162 | Vaults:5 | Noticed an ancient lich
 50186 | Vaults:5 | Killed an ancient lich
 50352 | Vaults:5 | Got a silver rune of Zot
 50670 | Vaults:5 | Found Hurrykh's Gadget Shop.
 51129 | Orc:1    | Killed Fac Jizoo's ghost
 51134 | Orc:1    | Identified the ring "Ralev" {rElec Str+4 Int+6 Stlth+} (You
                  | found it on level 1 of the Orcish Mines)
 51709 | Crypt:1  | Noticed Asajosug's ghost (legendary GrBe)
 51980 | Crypt:1  | Found a transporter.
 51989 | Crypt:1  | Reached skill level 15 in Spellcasting
 51994 | Crypt:1  | Found a transporter.
 52103 | Crypt:1  | Killed Asajosug's ghost
 52423 | Crypt:2  | Noticed Khufu
 52450 | Crypt:2  | Reached skill level 22 in Shields
 52452 | Crypt:2  | Killed Khufu
 52925 | Crypt:2  | Noticed an ancient lich
 52935 | Crypt:2  | Killed an ancient lich
 53147 | Crypt:2  | Identified Devihu Cuap's Handbook of Creation
 53192 | Crypt:3  | Entered Level 3 of the Crypt
 53281 | Crypt:3  | Reached skill level 5 in Evocations
 53714 | Crypt:3  | Found an ancient bone altar of Kikubaaqudgha.
 53722 | Crypt:3  | Found a basalt altar of Yredelemnul.
 53814 | Crypt:3  | Identified the ring of the Salmon {rPois rF- rC- Dex+6
                  | Slay+5} (You found it on level 3 of the Crypt)
 53849 | Crypt:3  | Found the cursed +13 scythe of Curses {drain, *Curse}
 54202 | Crypt:3  | Found a staircase to the Tomb.
 54549 | Crypt:3  | Noticed Boris
 54560 | Crypt:3  | Killed Boris
 54600 | Crypt:3  | Identified the +9 plate armour of the Thistle {-Cast MR++
                  | Int-2 Slay+3} (You found it on level 3 of the Crypt)
 54602 | Crypt:3  | Upgraded the game from 0.26-a0-833-g7262b39652 to
                  | 0.26-a0-835-g8259106e14
 55004 | Slime:1  | Entered Level 1 of the Pits of Slime
 55370 | Slime:3  | Upgraded the game from 0.26-a0-835-g8259106e14 to
                  | 0.26-a0-837-g5a8a614f01
 55874 | Slime:2  | Gained mutation: Your magical capacity is low. (-10% MP) [a
                  | shining eye]
 55877 | Slime:2  | Gained mutation: You are frail. (-10% HP) [a shining eye]
 55884 | Slime:2  | Gained mutation: Your magical capacity is very low. (-20%
                  | MP) [a shining eye]
 55935 | Slime:2  | Gained mutation: You are weak. (Str -2) [a shining eye]
 55958 | Slime:2  | Gained mutation: Your body sometimes deteriorates upon
                  | taking damage. [a shining eye]
 55958 | Slime:2  | Gained mutation: Scrolls take you a little longer to read.
                  | [a shining eye]
 55963 | Slime:2  | Gained mutation: Your body often deteriorates upon taking
                  | damage. [a shining eye]
 56032 | Slime:2  | Gained mutation: Your spells are a little easier to cast,
                  | but a little less powerful. [a shining eye]
 56032 | Slime:2  | Gained mutation: You evolve. [a shining eye]
 56033 | Slime:2  | Gained mutation: Scrolls take you longer to read. [a
                  | shining eye]
 56037 | Slime:2  | Gained mutation: Your magical capacity is extremely low.
                  | (-30% MP) [a shining eye]
 56150 | Slime:5  | Entered Level 5 of the Pits of Slime
 56333 | Slime:5  | Gained mutation: Your spells are easier to cast, but less
                  | powerful. [a shining eye]
 56352 | Slime:5  | Found a viscous altar of Jiyva.
 56353 | Slime:5  | Noticed the Royal Jelly
 56377 | Slime:5  | Killed the Royal Jelly
 56386 | Slime:5  | HP: 6/197 [acid (4)]
 56417 | Slime:5  | Got a slimy rune of Zot
 56465 | Slime:5  | Identified the Guide on Destructive Poisoning
 57461 | Zot:1    | Entered Level 1 of the Realm of Zot
 57992 | Zot:1    | Reached skill level 23 in Shields
 60521 | Zot:4    | Noticed an orb of fire
 60525 | Zot:4    | Killed an orb of fire
 61001 | Zot:4    | Lost mutation: You evolve. [evolution]
 61689 | Zot:5    | Entered Level 5 of the Realm of Zot
 61702 | Zot:5    | Noticed an ancient lich
 61708 | Zot:5    | Killed an ancient lich
 61709 | Zot:5    | Reached skill level 10 in Evocations
 61709 | Zot:5    | Noticed an orb of fire
 61709 | Zot:5    | Noticed an orb of fire
 61709 | Zot:5    | Noticed an orb of fire
 61710 | Zot:5    | Lost mutation: You possess an exceptional clarity of mind.
                  | [an orb of fire]
 61710 | Zot:5    | Noticed an orb of fire
 61710 | Zot:5    | Gained mutation: You are very weak. (Str -4) [an orb of
                  | fire]
 61711 | Zot:5    | Killed from afar by an orb of fire

Illustrated notes

Levels and vault maps discovered:
D:1:      ncdulo_smallfort, layout_rooms
D:2:      layout_loops_ring, eino_curves_03
D:3:      layout_loops_ring, lemuel_crystal_altar, roderic_st_hans_cross,
          kennysheep_pointless_box, kennysheep_generic_room_3, uniq_jessica
D:4:      layout_basic, serial_shops, shop
D:5:      lemuel_ratsnest, layout_basic, riverfiend_overflow_shadow_ancestor,
          lemuel_round_altar, minmay_ogre_servants, uniq_duvessa,
          uniq_prince_ribbit1
D:6:      lemuel_insect_pit, layout_basic, minmay_temple_entry_drinking_statues,
          uniq_maggie
D:7:      layout_rooms, kennysheep_mini_moat,
          nicolae_gozag_cash_rules_everything_around_me,
          hangedman_decor_slide_cut
D:8:      layout_loops_ring, lemuel_mausoleum_altar_kikubaaqudgha,
          general_overflow_altar
D:9:      layout_rooms, kennysheep_little_box
D:10:     layout_loops_cross, orc_david_3, gammafunk_ghost_hydra_chop
D:11:     layout_loops_ring, erik_lair_dragon, chequers_hall_statues_y,
          minmay_starry_boxes, uniq_fannar
D:12:     layout_grid_maze, portal_ice_cave_entry_pillars_1
D:13:     layout_basic
D:14:     layout_cave_pods, erik_vaults_2, grunt_decor_clamped
D:15:     hangedman_depths_entry_try_elsewhere_first, layout_basic,
          minmay_misc_feat_roman
Temple:   dshaligram_water_room_temple
Lair:1:   layout_cave_pods, hellmonk_ghost_happy_afterlife, uniq_gastronok
Lair:2:   layout_chaotic_city, spider_nest_entry_rubble
Lair:3:   layout_cave_shapes, kennysheep_catoblepas_arena, serial_bayou_shore_a
Lair:4:   layout_roguey, shoals_dummy_entry, hibernation_bobbens, uniq_kirke
Lair:5:   layout_roguey, nicolae_slime_entry_slimehenge, grunt_megastairs_5
Lair:6:   evilmike_catoblepas_cave, layout_gridlike, wad_woods_06,
          grunt_megastairs_4
Shoals:1: layout_shoals, uniq_donald
Shoals:2: layout_shoals, nicolae_shoals_wave_tunnel
Shoals:3: layout_shoals, uniq_ilsuiw, uniq_polyphemus, uniq_nikola
Shoals:4: shoals_end_grunt_ice, layout_shoals, shoal_ilsuiw, serial_shops, shop,
          nicolae_shoals_stone_sculpture_thing, minmay_shop_mayhem
Spider:1: layout_spider_delve, guppyfry_spider_mini_3
Spider:2: layout_chambers, guppyfry_hornet_nest
Spider:3: layout_spider_delve
Spider:4: johnstein_spider_rune_arachne_lair
Slime:1:  layout_caves
Slime:2:  layout_caves, nicolae_slime_round_cave
Slime:3:  layout_caves
Slime:4:  layout_caves
Slime:5
Orc:1:    giant_chief_lemuel, layout_caves, serial_shops, shop,
          nicolae_shop_behind_doors, shop, gammafunk_ghost_stat_death,
          statue_in_the_mist_lemuel, nicolae_orc_lava_tube
Orc:2:    grunt_orc_cross, layout_caves, gauntlet_entry_generic,
          nicolae_volcano_entry_lava_flow, uniq_sonja
Elf:1:    layout_gridlike, basic_altar, serial_shops, shop, shop_scrolls, shop,
          nicolae_shop_stone, minmay_elf_sorcery, uniq_aizul
Elf:2:    layout_geoelf_octagon, ploomutoo_gammafunk_ghost_potion_laboratory,
          serial_sigils_hangedman_gnaw, uniq_roxanne
Elf:3:    minmay_elf_hall_dome, layout_rooms
Vaults:1: vaults_mumra_minichess, vaults_room_semicircle,
          nicolae_vaults_network_quincunx
          [nicolae_vaults_network_quincunx_subvault,
          nicolae_vaults_network_quincunx_subvault,
          nicolae_vaults_network_quincunx_subvault,
          nicolae_vaults_network_quincunx_subvault,
          nicolae_vaults_network_quincunx_subvault],
          nicolae_vaults_hallways_thing, nicolae_vaults_little_squares_2,
          nicolae_vaults_theta, nicolae_vaults_little_squares_6,
          grunt_vaults_funnel, vaults_room_hangedman_quadrants,
          ontoclasm_vaults_chip, nicolae_vaults_what_the_h, vaults_dpeg_ring,
          layout_vaults_quadrants, serial_shops, shop
Vaults:2: minmay_crypt_entry_simple_box, grunt_vaults_bifocal,
          vaults_mumra_hexcomb, v_misc_15, v_misc_18, hangedman_vaults_maws,
          v_misc_28, vaults_standard_mumra_lines, nicolae_vaults_rhombus_6,
          vaults_dpeg_encased_lava, hangedman_vaults_corner_blocks,
          ontoclasm_vaults_twist, layout_vaults_big_room
Vaults:3: v_misc_18, ontoclasm_vaults_tryst, ontoclasm_vaults_fault,
          nicolae_vaults_network_star, grunt_vaults_hallway_long,
          dpeg_vaults_monster_row, v_pattern_2, v_misc_29, serial_ice_m,
          vaults_room_fancy_cross, nicolae_vaults_theta, v_misc_10, v_misc_17,
          layout_vaults_omnibox
Vaults:4: gammafunk_vaults_ghost_cemetery, v_misc_28,
          nicolae_vaults_diagonal_hallway_7, ontoclasm_vaults_idyll,
          v_alt_pattern_6, vaults_mumra_hex, v_misc_12, hangedman_vaults_cutoff,
          ontoclasm_vaults_shuriken, grunt_vaults_swirl, ontoclasm_vaults_pinch,
          vaults_dpeg_cross, layout_vaults_ring, serial_shops, shop
Vaults:5
Crypt:1:  layout_chaotic_city, gammafunk_ghost_arena, nicolae_crypt_niches,
          grunt_ministairs_5
Crypt:2:  layout_gridlike, serial_sigils_hangedman_stare, st_shrine_of_skulls,
          uniq_khufu
Crypt:3:  lightli_unholy_cathedral, layout_chaotic_city,
          tomb_entry_sphere_bobbens, st_stairs_7, fountainhead,
          weyrava_lich_vault
Depths:1: layout_cave_shapes, ebering_ghost_inner_flame,
          nicolae_trove_entry_crystal, serial_hangedman_research,
          hangedman_research_probablistics, hangedman_research_convocations,
          hangedman_research_thanatology, hangedman_research_quantum,
          hangedman_research_metamorphosis, grunt_hell_entry_dis_mu,
          serial_shops, nicolae_shop_crystal, abandoned_shop,
          kennysheep_generic_room_4, firewood_loft, minmay_shop_grove
Depths:2: cross_vault, layout_cave_pools, minmay_room_of_horrors,
          dk_noncrumbling_2, hell_entry, kennysheep_another_room,
          serial_bayou_shore_b, uniq_sojobo
Depths:3: minmay_octagon_city, layout_cross, enter_ziggurat_d, hell_entry,
          rand_demon_pan_entry_1, abyss_entry, tso_metal_star,
          minmay_staircase_windowed_large, serial_bayou_shore_b, uniq_bai_suzhen
Depths:4: minmay_containers, layout_cave_shapes,
          nicolae_abyss_entry_one_way_or_another, minmay_misc_feat_room,
          pf_hell_entry_tar_spiral, hangedman_feature_mirror,
          hangedman_decor_growths, uniq_margery, uniq_saint_roka
Depths:5: grunt_zot_entry_gee_three, layout_cave_pools, hell_entry,
          serial_shops, shop, pan_entry, abyss_entry_glasseish,
          serial_bayou_shore_b
Hell
Zot:1:    grunt_zot_stairs_faceoff, layout_twisted_circle, grunt_ministairs_6,
          nicolae_lava_and_water
Zot:2:    layout_onion_interference
Zot:3:    layout_basic, lemuel_elevator, grunt_megastairs_3
Zot:4:    lemuel_acid_trip, layout_concentric_octagons
Zot:5:    layout_gridlike, lemuel_baited_zot_trap, grunt_ministairs_11

Skill      XL: |  1  2  3  4  5  6  7  8  9 10 11 12 13 14 15 16 17 18 19 20 21 22 23 24 25 26 27 |
---------------+----------------------------------------------------------------------------------+-----
Long Blades    | 2 3 4 5 6 8 9 10 11 12 13 14 | 14.4
Armour         | 3 4 5 6 7 8 9 10 12 | 12.9
Shields        | 3 4 5 6 7 8 9 10 11 12 14 16 17 18 20 21 23 | 23.7
Dodging        | 1 2 3 4 5 6 7 8 9 10 11 12 13 14 15 16 | 16.4
Fighting       | 4 5 6 7 8 9 10 11 12 13 14 15 16 19 | 19.4
Short Blades   | 2 3 5 6 7 9 10 11 12 13 14 | 14.7
Invocations    | 2 4 6 7 8 10 11 12 | 12.5
Spellcasting   | 2 3 5 6 7 8 9 10 11 12 13 14 18 | 18.0
Conjurations   | 1 3 4 5 6 7 8 |  8.2
Translocations | 1 2 3 |  3.2
Stealth        | 1 2 3 4 5 |  5.4
Evocations     | 1 2 10 | 10.2
Throwing       | 1 2 3 4 |  4.2
Necromancy     | 2 4 6 8 9 11 12 13 14 17 | 17.6
Transmutations | 2 4 5 6 7 8 9 10 11 14 | 14.5
Earth Magic    | 1 2 3 |  3.0

Action                   |  1- 3 |  4- 6 |  7- 9 | 10-12 | 13-15 | 16-18 | 19-21 | 22-24 | 25-27 || total
-------------------------+-------+-------+-------+-------+-------+-------+-------+-------+-------++-------
Melee: Long sword        |    92 |   137 |   211 |   599 |   773 |       |       |       |       ||  1812
       Headbutt          |    12 |    30 |    95 |   252 |   503 |   420 |   450 |   405 |  1531 ||  3698
       Dagger            |       |    27 |   250 |       |       |       |       |       |       ||   277
       Scimitar          |       |       |       |       |   178 |    17 |       |       |     1 ||   196
       Rapier            |       |       |       |       |       |  1116 |  1234 |   967 |  3319 ||  6636
Throw: Dart              |     2 |    12 |       |     3 |     7 |    96 |     7 |       |       ||   127
       Boomerang         |       |       |       |       |       |       |    52 |       |       ||    52
       Javelin           |       |       |       |       |       |       |     1 |     1 |    60 ||    62
 Cast: Iskenderun's Myst |       |       |       |       |    21 |       |       |    16 |       ||    37
       Borgnjor's Vile C |       |       |       |       |       |       |       |    35 |    26 ||    61
       Vampiric Draining |       |       |       |       |       |       |       |    34 |    11 ||    45
Invok: Slouch            |       |       |       |     4 |    11 |     9 |    10 |     6 |    40 ||    80
       Step From Time    |       |       |       |       |       |       |       |       |     1 ||     1
 Abil: Blink             |       |       |       |       |       |       |       |       |     3 ||     3
Evoke: Wand              |       |       |       |    20 |     5 |       |       |       |     2 ||    27
       Tin of tremorston |       |       |       |     2 |     2 |     3 |     2 |     2 |    12 ||    23
       Phantom mirror    |       |       |       |     2 |     2 |     2 |       |       |       ||     6
       Box of beasts     |       |       |       |       |     2 |     1 |       |       |     1 ||     4
       Condenser vane    |       |       |       |       |       |       |     2 |       |     6 ||     8
       Horn of Geryon    |       |       |       |       |       |       |       |       |     2 ||     2
  Use: Potion            |     1 |       |     2 |     2 |     1 |       |     7 |     1 |    11 ||    25
       Scroll            |       |     1 |     3 |    23 |     5 |    14 |     9 |     5 |    12 ||    72
 Stab: Sleeping          |       |       |       |     8 |    15 |       |       |       |     1 ||    24
       Distracted        |       |       |       |     1 |     5 |       |       |       |       ||     6
       Petrified         |       |       |       |       |     2 |       |     3 |       |       ||     5
       Confused          |       |       |       |       |       |       |     3 |       |    11 ||    14
       Paralysed         |       |       |       |       |       |       |       |     1 |       ||     1
       Invisible         |       |       |       |       |       |       |       |       |     3 ||     3
Armor: Scale mail        |    54 |    99 |    12 |       |       |       |       |       |       ||   165
       Ring mail         |       |       |    52 |       |       |       |       |       |       ||    52
       Swamp dragon scal |       |       |    95 |   152 |   223 |       |       |       |       ||   470
       Skin              |       |       |       |    15 |       |       |       |       |       ||    15
       Plate armour      |       |       |       |       |       |   439 |   217 |   174 |   550 ||  1380
Dodge: Dodged            |    33 |    60 |   143 |   248 |   518 |   638 |   411 |   363 |  1333 ||  3747
Block: Kite shield       |    54 |   100 |   202 |   341 |   621 |  1168 |  1083 |   993 |  3308 ||  7870
       Reflection        |       |       |       |       |       |       |    84 |    73 |   147 ||   304
       Rpst.: Long sword |    19 |    14 |    18 |    62 |   109 |       |       |       |       ||   222
       Scimitar          |       |       |       |       |    35 |     2 |       |       |       ||    37

Table legend: (Time is in decaauts)
 A = Elapsed time spent in this place.
 B = Non-inter-level travel time spent in this place.
 C = Inter-level travel time spent in this place.
 D = Time resting spent in this place.
 E = Time spent auto-exploring this place.
 F = Levels seen in this place.
 G = Mean time per level.
                   A        B        C        D        E       F      G
               +--------+--------+--------+--------+--------+-----+--------+
         Total |  93911 |  82877 |  11034 |   3511 |  60341 |  61 | 1539.5 |
       Dungeon |  23904 |  19491 |   4413 |   1293 |  14206 |  15 | 1593.6 |
        Temple |     74 |     74 |      0 |      0 |     43 |   1 |   74.0 |
          Lair |   9764 |   8364 |   1400 |      3 |   7083 |   6 | 1627.3 |
        Shoals |   6069 |   5616 |    453 |     44 |   3895 |   4 | 1517.2 |
   Spider Nest |   6472 |   6183 |    289 |      3 |   5104 |   4 | 1618.0 |
    Slime Pits |   2611 |   2469 |    142 |    625 |    844 |   5 |  522.2 |
  Orcish Mines |   4705 |   3773 |    932 |    398 |   2463 |   2 | 2352.5 |
   Elven Halls |   4247 |   3868 |    379 |    107 |   2483 |   3 | 1415.7 |
        Vaults |  11630 |  10448 |   1182 |      0 |   8071 |   5 | 2326.0 |
         Crypt |   4768 |   4455 |    313 |    130 |   3324 |   3 | 1589.3 |
        Depths |  10189 |   9132 |   1057 |     27 |   7026 |   5 | 2037.8 |
          Hell |   1216 |   1201 |     15 |    135 |    753 |   1 | 1216.0 |
           Zot |   6436 |   5984 |    452 |    160 |   4897 |   5 | 1287.2 |
      Ice Cave |   1203 |   1203 |      0 |    585 |    144 |   1 | 1203.0 |
      Gauntlet |    618 |    618 |      0 |      0 |      0 |   1 |  618.0 |
               +--------+--------+--------+--------+--------+-----+--------+

Top non-repeatable levels by time:
    D:13: 3563 daAuts
   Orc:1: 2886 daAuts
    D:11: 2835 daAuts
Depths:1: 2820 daAuts
Vaults:1: 2727 daAuts
Depths:3: 2707 daAuts
    D:12: 2704 daAuts
Vaults:2: 2371 daAuts
    D:14: 2361 daAuts
Vaults:5: 2330 daAuts
Spider:4: 2228 daAuts
   Zot:4: 2196 daAuts
 Crypt:3: 2162 daAuts
Spider:2: 2161 daAuts
Vaults:4: 2133 daAuts
